 Dungeon Crawl Stone Soup version 0.23.2-33-g5129a83184 (webtiles) character file.

Game seed: 12523563461718745513

15028 Blejac999 the Fencer (level 12, -15/107 HPs)
             Began as a Hill Orc Fighter on Aug 3, 2019.
             Was a Priest of the Shining One.
             Demolished by a dire elephant (17 damage)
             ... in a Gauntlet.
             The game lasted 00:31:55 (16070 turns).

Blejac999 the Fencer (Hill Orc Fighter)            Turns: 16070, Time: 00:31:56

Health: -15/107    AC: 10    Str: 21    XL:     12   Next: 22%
Magic:  14/14      EV: 17    Int:  8    God:    the Shining One [***...]
Gold:   588        SH: 10    Dex: 18    Spells: 10/11 levels left

rFire    + . .     SeeInvis .   a - +1 long sword
rCold    . . .     Gourm    +   c - +0 shield
rNeg     + . .     Faith    .   r - +0 acid dragon scales
rPois    +         Spirit   .   y - +1 hat {MR+}
rElec    .         Reflect  .   (no cloak)
rCorr    +         Harm     .   (no gloves)
MR       +....     NoTele   +   k - +0 pair of boots (curse)
Stlth    +.........             q - amulet of the gourmand
HPRegen  0.27/turn              t - ring of protection from fire
MPRegen  0.14/turn              w - ring of Crawling {rPois Slay+3}

@: agile, glowing
A: no striking features
a: Divine Shield, Renounce Religion


You were in a Gauntlet.
You worshipped the Shining One.
The Shining One was most pleased with you.
You were not hungry.

You visited 2 branches of the dungeon, and saw 13 of its levels.
You also visited: Gauntlet.

You collected 588 gold pieces.

Inventory:

Hand Weapons
 a - a +1 long sword (weapon)
 g - a +2 morningstar of holy wrath
Armour
 c - a +0 shield (worn)
 k - a cursed +0 pair of boots (worn)
 r - +0 acid dragon scales (worn)
 y - a +1 hat of magic resistance (worn)
Jewellery
 h - an uncursed ring of fire
 m - the ring of Noupylunt {MR+ Str+2, unknown}
   (You found it in a Gauntlet)

   [ring of strength]

   It affects your strength (+2).
   It affects your resistance to hostile enchantments.
 q - an amulet of the gourmand (around neck)
 t - a ring of protection from fire (left hand)
 w - the ring of Crawling (right hand) {rPois Slay+3}
   (You found it in a Gauntlet)

   [ring of poison resistance]

   It affects your accuracy and damage with ranged weapons and melee attacks
   (+3).
   It protects you from poison.
 A - an uncursed amulet of magic regeneration
Wands
 b - a wand of enslavement (3)
 s - a wand of iceblast (3)
 x - a wand of paralysis (6)
 z - a wand of disintegration (10)
Scrolls
 e - a scroll of amnesia
 i - 3 scrolls of fog
 j - 9 scrolls of enchant armour
 l - 8 scrolls of remove curse
 n - 2 scrolls of teleportation
 o - 10 scrolls of identify
 p - a scroll of immolation
 u - a scroll of enchant weapon
Potions
 d - 3 potions of flight
Comestibles
 f - 31 rations


   Skills:
 + Level 10.4 Fighting
 * Level 15.2 Long Blades
 + Level 8.8 Armour
 + Level 4.8 Dodging
 - Level 0.4 Stealth
 - Level 3.4 Shields
 + Level 0.7 Invocations
 + Level 3.1 Evocations


You had 10 spell levels left.
You knew the following spells:

 Your Spells              Type           Power        Failure   Level  Hunger
c - Corona                Hex            #......      94%         1    ##.....

Your spell library contained the following spells:

 Spells                   Type           Power        Failure   Level  Hunger
 Animate Skeleton         Necr           N/A          94%         1    ##.....
 Pain                     Necr           #...         94%         1    ##.....
 Ensorcelled Hibernation  Hex/Ice        #.....       98%         2    ###....
 Confuse                  Hex            #.......     100%        3    ####...
 Dazzling Spray           Conj/Hex       #.....       100%        3    ####...
 Regeneration             Chrm/Necr      #.........   100%        3    ####...
 Tukima's Dance           Hex            #.......     100%        3    ####...
 Vampiric Draining        Necr           #.........   100%        3    ####...
 Animate Dead             Necr           N/A          100%        4    #####..


Dungeon Overview and Level Annotations

Branches:
Dungeon (11/15)            Temple (0/1) D:5            Lair (2/6) D:11
  Swamp: Lair:2-4    Shoals: Lair:2-4     Snake: Lair:2-4    Spider: Lair:2-4
    Orc: D:9-12

Altars:
Ashenzari
Cheibriados
Kikubaaqudgha
Nemelex Xobeh
Sif Muna
Zin
The Shining One

Annotations:
D:5 1 runed translucent door, MalarOregon's ghost, novice MfFi Gauntlet 2 transporters


Message History

The Shining One protects you from harm!
You stumble backwards!
You hit the dire elephant but do no damage.
The dire elephant is severely wounded.
The dire elephant tramples you!
* * * LOW HITPOINT WARNING * * *
You hold your ground!
The dire elephant trunk-slaps you. The Shining One protects you from harm!
You hit the dire elephant but do no damage.
The dire elephant is severely wounded.
You hit the dire elephant but do no damage.
The dire elephant is severely wounded.
The dire elephant tramples you! The Shining One protects you from harm!
You hold your ground!
The dire elephant trunk-slaps you. The Shining One protects you from harm!
You hit the dire elephant but do no damage.
The dire elephant is severely wounded.
The dire elephant tramples you!
You die...

##############
............≈#
.............#
###########..###
#.......^.#..#8#
#.P.P..P^.#..###
#.P#^.^#P!#..#####
#.PPP..P..#..#≈8≈#
#..P.©.P.Y#..#..@# ##
#..PP.PP.Y#..#.8Y# ..
#.^#P..#P:#..#...##.#
#.P...PP..#..#.8....#
#.^.^.^.^.#..#...##.#
###########..#...# ..
............≈#.©.#
#.#
............∩#......#
'
............≈#.©.##.#


You could see a dire elephant and 2 elephants.

Vanquished Creatures
  Gastronok (Lair:1)
  A hell beast (Gauntlet)
  A two-headed ogre (D:10)
  An ugly thing (D:11)
  A black mamba (Lair:1)
  2 spiny frogs
  2 komodo dragons (Lair:1)
  2 hippogriffs
  9 yaks
  2 basilisks
  A wyvern (D:10)
  4 hogs (D:9)
  A human (D:9)
  2 hungry ghosts
  A steam dragon (D:6)
  Menkaure (D:7)
  4 water moccasins
  An acid dragon (D:11)
  A hell hound (Gauntlet)
  A porcupine (Lair:1)
  2 black bears
  3 orc warriors
  4 sky beasts
  4 ice beasts
  4 phantoms
  3 ogres
  2 necrophages
  8 centaurs
  3 crocodiles
  2 big kobolds
  5 bullfrogs
  3 scorpions
  22 killer bees
  2 electric eels (Lair:1)
  2 bullfrog zombies
  6 crimson imps
  A lava snake (D:10)
  6 hounds
  2 quasits
  3 orc priests
  2 centaur skeletons
  13 orc wizards
  11 worker ants
  A hound zombie (D:6)
  A hound skeleton (D:8)
  3 worker ant zombies
  3 gnolls (D:6)
  8 adders
  5 shadow imps
  A worm (D:3)
  A dart slug (D:1)
  4 leopard geckos
  45 orcs
  5 bats
  2 bat zombies (D:5)
  4 giant cockroaches
  3 goblins
  4 hobgoblins
  2 jackals (D:7)
  3 quokkas
  3 frilled lizards
  2 goblin skeletons (D:6)
  A goblin zombie (D:6)
  A hobgoblin zombie (D:6)
  A jackal zombie (D:3)
  12 kobolds
  A kobold skeleton (D:6)
  A kobold zombie (D:6)
  An orc skeleton (D:6)
  An orc zombie (D:6)
  3 quokka zombies
  4 rats
  A rat zombie (D:5)
  A fungus (Lair:1)
280 creatures vanquished.

Vanquished Creatures (others)
  A demonic plant (Gauntlet)
1 creature vanquished.

Grand Total: 281 creatures vanquished

Notes
Turn   | Place    | Note
-------+----------+-------------------------------------------
     0 | D:1      | Blejac999 the Hill Orc Fighter began the quest for the Orb.
     0 | D:1      | Reached XP level 1. HP: 19/19 MP: 1/1
   499 | D:1      | Reached XP level 2. HP: 27/27 MP: 2/2
  1431 | D:3      | Reached XP level 3. HP: 32/33 MP: 3/3
  1497 | D:3      | Reached skill level 3 in Long Blades
  1501 | D:3      | Reached XP level 4. HP: 31/41 MP: 4/4
  1743 | D:2      | Reached skill level 4 in Long Blades
  1956 | D:3      | Reached XP level 5. HP: 31/47 MP: 5/5
  2728 | D:4      | Reached skill level 5 in Long Blades
  2903 | D:4      | Reached XP level 6. HP: 48/53 MP: 6/6
  3634 | D:5      | Entered Level 5 of the Dungeon
  3642 | D:5      | Found a staircase to the Ecumenical Temple.
  3655 | D:5      | Reached skill level 6 in Long Blades
  3708 | D:5      | Found a runed translucent door.
  3710 | D:5      | Noticed MalarOregon's ghost (novice MfFi)
  3738 | D:5      | Noticed a necrophage
  3748 | D:5      | Killed a necrophage
  3748 | D:5      | Reached XP level 7. HP: 59/59 MP: 7/7
  3754 | D:5      | Learned a level 1 spell: Animate Skeleton
  3756 | D:5      | Learned a level 1 spell: Pain
  3907 | D:5      | Reached skill level 5 in Fighting
  3907 | D:5      | Reached skill level 1 in Dodging
  4009 | D:5      | Reached skill level 7 in Long Blades
  4233 | D:5      | Found an ancient bone altar of Kikubaaqudgha.
  4524 | D:6      | Reached skill level 5 in Armour
  4530 | D:6      | Noticed a steam dragon
  4538 | D:6      | Killed a steam dragon
  4538 | D:6      | Reached skill level 8 in Long Blades
  4538 | D:6      | Reached XP level 8. HP: 63/68 MP: 8/8
  4690 | D:6      | Found a glowing golden altar of the Shining One.
  4711 | D:6      | Became a worshipper of the Shining One
  5115 | D:7      | Reached skill level 9 in Long Blades
  5521 | D:7      | HP: 2/69 [orc wizard/+0 dagger (3)]
  5801 | D:7      | Found a glowing silver altar of Zin.
  5801 | D:7      | Found a deep blue altar of Sif Muna.
  5881 | D:7      | Reached XP level 9. HP: 48/75 MP: 9/9
  6143 | D:7      | Noticed Menkaure
  6150 | D:7      | Killed Menkaure
  6150 | D:7      | Reached skill level 10 in Long Blades
  7070 | D:8      | Reached * piety under the Shining One
  7092 | D:8      | Reached skill level 11 in Long Blades
  8092 | D:8      | Reached XP level 10. HP: 36/84 MP: 10/10
  8294 | D:8      | Reached skill level 12 in Long Blades
  8570 | D:8      | Found a shattered altar of Ashenzari.
  8570 | D:8      | Found a sparkling altar of Nemelex Xobeh.
  9370 | D:10     | Entered Level 10 of the Dungeon
  9544 | D:10     | Reached ** piety under the Shining One
  9558 | D:10     | Reached skill level 13 in Long Blades
  9820 | D:10     | Noticed a two-headed ogre
  9830 | D:10     | Killed a two-headed ogre
 10217 | D:9      | Reached XP level 11. HP: 88/94 MP: 11/11
 10259 | D:9      | You fall through a shaft!
 11195 | D:10     | Reached skill level 14 in Long Blades
 11521 | D:10     | Learned a level 1 spell: Corona
 11753 | D:11     | Reached *** piety under the Shining One
 12094 | D:11     | Noticed a red ugly thing
 12104 | D:11     | Killed a red ugly thing
 12421 | D:11     | Noticed a cyclops
 12851 | D:11     | Found a staircase to the Lair.
 12852 | D:11     | Found a snail-covered altar of Cheibriados.
 12858 | Lair:1   | Entered Level 1 of the Lair of Beasts
 13397 | Lair:1   | Noticed Gastronok
 13425 | Lair:1   | Killed Gastronok
 13425 | Lair:1   | Reached skill level 1 in Evocations
 13892 | Lair:1   | Reached skill level 10 in Fighting
 14234 | Lair:1   | Reached XP level 12. HP: 97/106 MP: 13/13
 14356 | Lair:1   | Reached skill level 15 in Long Blades
 15285 | Lair:2   | Found a gate leading to a gauntlet.
 15290 | Gauntlet | Entered a Gauntlet
 15290 | Gauntlet | Found a transporter.
 15290 | Gauntlet | Found a transporter.
 15290 | Gauntlet | Found a transporter.
 15290 | Gauntlet | Found a transporter.
 15290 | Gauntlet | Noticed a hell beast
 15682 | Gauntlet | Killed a hell beast
 15987 | Gauntlet | Found a transporter.
 15993 | Gauntlet | Got a twitching steel ring
 16001 | Gauntlet | Identified the ring of Crawling {rPois Slay+3} (You found
                  | it in a Gauntlet)
 16018 | Gauntlet | Noticed a dire elephant
 16018 | Gauntlet | Found a transporter.
 16022 | Gauntlet | Got a steaming brass ring
 16066 | Gauntlet | The Shining One protects you from harm!
 16067 | Gauntlet | HP: 2/107 [dire elephant (12)]
 16067 | Gauntlet | The Shining One protects you from harm!
 16069 | Gauntlet | The Shining One protects you from harm!
 16069 | Gauntlet | The Shining One protects you from harm!
 16070 | Gauntlet | Demolished by a dire elephant

Skill      XL: |  1  2  3  4  5  6  7  8  9 10 11 12 |
---------------+-------------------------------------+-----
Fighting       | 4 5 6 8 10 | 10.4
Long Blades    | 3 4 5 6 8 9 11 13 14 15 | 15.2
Armour         | 4 5 6 7 8 |  8.8
Dodging        | 1 2 3 4 |  4.8
Evocations     | 1 3 |  3.1
Stealth        | |  0.4
Shields        | |  3.4
Invocations    | |  0.7

Action                   |  1- 3 |  4- 6 |  7- 9 | 10-12 || total
-------------------------+-------+-------+-------+-------++-------
Melee: Long sword        |    81 |   207 |   444 |   632 ||  1364
Invok: Divine Shield     |       |       |       |     2 ||     2
Evoke: Wand              |       |       |       |    19 ||    19
  Use: Scroll            |     3 |     6 |     5 |     6 ||    20
       Potion            |     2 |     3 |     4 |     3 ||    12
  Eat: Chunk             |     1 |     3 |     9 |    39 ||    52
       Ration            |       |     2 |     2 |     1 ||     5
Armor: Scale mail        |    51 |   100 |   186 |    14 ||   351
       Ring mail         |       |       |       |   153 ||   153
       Acid dragon scale |       |       |       |     7 ||     7
Dodge: Dodged            |    41 |    55 |   153 |   190 ||   439
Block: Shield            |    53 |    82 |   203 |   263 ||   601
       Rpst.: Long sword |     4 |    16 |    40 |    47 ||   107
